 Dungeon Crawl Stone Soup version 0.28-b1-25-g9875b3fc8c (webtiles) character file.

Game seed: 4917816419405522201

728 MarioGrandma the Magician (level 7, -1/52 HPs)
             Began as a White Draconian Fire Elementalist on Jan 31, 2022.
             Killed by nerve-wracking pain
             ... invoked by a shadow imp
              (6 damage)
             ... on level 5 of the Dungeon.
             The game lasted 00:18:15 (3408 turns).

MarioGrandma the Magician (DrFE)                    Turns: 3408, Time: 00:18:18

Health: -1/52      AC:  8    Str: 10    XL:     7   Next: 44%
Magic:  2/23       EV: 12    Int: 18    God:
Gold:   102        SH:  0    Dex: 11    Spells: 3/16 levels left

rFire   + . .      SeeInvis .   i - +0 hunting sling
rCold   + + .      Faith    .   (no shield)
rNeg    . . .      Spirit   .   (armour unavailable)
rPois   +          Reflect  .   c - +2 hat
rElec   +          Harm     .   (no cloak)
rCorr   +          Rampage  .   (no gloves)
Will    .....                   (no boots)
Stlth   ++........              (no amulet)
HPRegen 0.17/turn               f - +4 ring of slaying
MPRegen 0.18/turn               h - ring of magical power

@: resistant, slowed, studying Ice Magic, very slow
A: breathe frost, AC +6, unfitting armour, cold resistance 1, cold-blooded
a: Breathe Frost


You were on level 5 of the Dungeon.
You visited 1 branch of the dungeon, and saw 5 of its levels.

You collected 102 gold pieces.

Inventory:

Hand Weapons
 i - a +0 hunting sling (weapon)
Missiles
 a - 176 stones (quivered ammo)
 d - 5 large rocks
Armour
 c - a +2 hat (worn)
 k - a +0 cloak
Jewellery
 f - a +4 ring of slaying (left hand)
 h - a ring of magical power (right hand)
Scrolls
 e - 2 scrolls of identify
Potions
 g - a potion of degeneration
 j - a potion of magic


   Skills:
 + Level 1.0 Fighting
 + Level 2.3 Slings
 + Level 2.3 Dodging
 + Level 2.2 Stealth
 + Level 0.5 Unarmed Combat
 + Level 5.0 Spellcasting
 + Level 2.6 Conjurations
 + Level 4.3 Fire Magic


You had 3 spell levels left.
You knew the following spells:

 Your Spells              Type           Power      Damage    Failure   Level
a - Foxfire               Conj/Fire      68%        2x1d7     3%          1
b - Scorch                Fire           40%        2d7       3%          2
c - Inner Flame           Hex/Fire       12%        N/A       17%         3
d - Flame Wave            Conj/Fire      17%        2d6       30%         4
e - Conjure Flame         Conj/Fire      17%        6-21      10%         3

Your spell library contained the following spells:

 Spells                   Type           Power      Damage    Failure   Level


Dungeon Overview and Level Annotations

Branches:
Dungeon (5/15)
 Temple: D:4-7

Altars:
Trog


Innate Abilities, Weirdness & Mutations

You can breathe waves of freezing cold which knock back foes.
Your icy white scales are hard. (AC +6)
You cannot fit into any form of body armour.
Your flesh is cold resistant. (rC+)
You are cold-blooded and may be slowed by cold attacks.


Message History

Your Spellcasting skill increases to level 5!
The shadow imp misses you. The shadow imp hits you.
* * * LOW HITPOINT WARNING * * *
Casting: Flame Wave (quite dangerous; 30% risk of failure)
Confirm with . or Enter, or press ? or * to list all spells.
Flames lash the shadow imp.
The shadow imp is severely wounded.
The shadow imp's fire resistance burns away.
An orc comes into view. It is wielding a +0 dagger.
The shadow imp gestures at you. Pain shoots through your body!
* * * LOW HITPOINT WARNING * * *
The shadow imp hits you.
* * * LOW HITPOINT WARNING * * *
You feel protected.
The shadow imp is no longer more vulnerable to fire.
The shadow imp hits you but does no damage.
The orc hits you with a +0 dagger.
* * * LOW HITPOINT WARNING * * *
Casting: Scorch (safe; 3% risk of failure)
Confirm with . or Enter, or press ? or * to list all spells.
The spell is quite dangerous to miscast (30% risk of failure)!
Continue anyway?
Casting: Flame Wave (quite dangerous; 30% risk of failure)
Press: ? - help, Dir - look around, f - activate A wave of flame ripples out!
The flame wave engulfs the shadow imp but does no damage.
The shadow imp is severely wounded.
The flame wave engulfs the orc!
You kill the orc! (Press . to intensify the flame waves.)
An orc priest comes into view. It is wielding a +0 mace.
The shadow imp misses you. x2
A wave of flame ripples out!
The flame wave engulfs the shadow imp.
The shadow imp is almost dead.
The flame wave engulfs the orc priest!
The orc priest is heavily wounded.
The orc priest misses you. The shadow imp gestures at you.
Pain shoots through your body!
You die...

#8 #...# =#.###...#
#8.......# .........#
.........# ..
#+####...)# ....
...##..<#####†##...#
............5o)....#
............@........
...##.........#######
.. #...##....# .
#...####### ......
....... ....[...
.......


You could see an orc priest and a shadow imp.

Vanquished Creatures
  A moth of wrath (D:4)
  A phantom (D:4)
  A kobold brigand (D:5)
  A scorpion (D:5)
  An iguana (D:4)
  4 gnolls (D:2)
  4 adders
  An ufetubus (D:4)
  2 worms (D:4)
  A dart slug (D:1)
  7 orcs
  An endoplasm (D:3)
  A giant cockroach (D:3)
  5 hobgoblins
  2 jackals (D:1)
  3 quokkas
  3 ball pythons
  6 bats
  3 frilled lizards
  5 goblins
  7 kobolds
  A quokka skeleton (D:4)
  10 rats
71 creatures vanquished.

Vanquished Creatures (others)
  154 foxfires
154 creatures vanquished.

Grand Total: 225 creatures vanquished

Notes
Turn   | Place    | Note
-------+----------+-------------------------------------------
     0 | D:1      | MarioGrandma the Draconian Fire Elementalist began the
                  | quest for the Orb.
     0 | D:1      | Reached XP level 1. HP: 14/14 MP: 3/3
   711 | D:1      | Reached XP level 2. HP: 20/20 MP: 1/5
   793 | D:1      | Learned a level 2 spell: Scorch
  1274 | D:2      | Reached XP level 3. HP: 16/26 MP: 1/6
  1751 | D:2      | Reached XP level 4. HP: 33/33 MP: 3/8
  1855 | D:3      | Reached skill level 3 in Spellcasting
  1906 | D:3      | Learned a level 3 spell: Inner Flame
  2984 | D:4      | Reached XP level 5. HP: 23/39 MP: 9/10
  3001 | D:4      | Noticed a moth of wrath
  3103 | D:4      | Found a bloodstained altar of Trog.
  3207 | D:4      | Killed a moth of wrath
  3208 | D:4      | Reached skill level 4 in Spellcasting
  3208 | D:4      | Reached XP level 6. HP: 46/46 MP: 10/12
  3208 | D:4      | Your scales start taking on an icy white colour.
  3208 | D:4      | Reached XP level 7. HP: 51/51 MP: 10/13
  3208 | D:4      | Gained mutation: Your flesh is cold resistant. (rC+) [White
                  | Draconian growth]
  3214 | D:4      | Learned a level 4 spell: Flame Wave
  3218 | D:4      | Learned a level 3 spell: Conjure Flame
  3311 | D:4      | Reached skill level 1 in Fighting
  3314 | D:5      | Entered Level 5 of the Dungeon
  3403 | D:5      | Reached skill level 5 in Spellcasting
  3408 | D:5      | Killed from afar by a shadow imp

Illustrated notes

Levels and vault maps discovered:
D:1:      scummos_arrival_star, layout_basic, item_on_display_a
D:2:      layout_basic, chequers_serial_rivers_small_b
D:3:      layout_loops_cross
D:4:      layout_loops_ring, tgw_trog, minmay_temple_entry_butterflies,
          minmay_manual_moon
D:5:      layout_gridville, glass_columns_a, minmay_statues_item

Skill      XL: |  1  2  3  4  5  6  7 |
---------------+----------------------+-----
Dodging        | 2 |  2.3
Spellcasting   | 3 4 5 |  5.0
Stealth        | 2 |  2.2
Fire Magic     | 4 |  4.3
Slings         | 2 |  2.3
Conjurations   | 2 |  2.6
Fighting       | 1 |  1.0
Unarmed Combat | |  0.5

Action                   |  1- 3 |  4- 6 |  7- 9 || total
-------------------------+-------+-------+-------++-------
Melee: Unarmed           |    36 |     2 |       ||    38
       Tailslap          |     4 |       |       ||     4
 Fire: Hunting sling     |       |    26 |       ||    26
 Cast: Foxfire           |    49 |    37 |    13 ||    99
       Scorch            |     9 |    20 |     4 ||    33
       Inner Flame       |       |     1 |       ||     1
       Flame Wave        |       |       |     3 ||     3
  Use: Scroll            |     2 |     2 |       ||     4
       Potion            |       |       |     1 ||     1
Armor: Skin              |    20 |    12 |     3 ||    35
Dodge: Dodged            |    30 |    23 |     9 ||    62
